 Dungeon Crawl Stone Soup version 0.23-a0-435-g79ed067 (webtiles) character file.

2165 Amnesiac the Covert (level 9, -2/45 HPs)
             Began as a Spriggan Enchanter on Nov 15, 2018.
             Was a Priest of Dithmenos.
             Hit by a tomahawk thrown by an orc warrior (17 damage)
             ... on level 7 of the Dungeon.
             The game lasted 00:15:54 (7212 turns).

Amnesiac the Covert (Spriggan Enchanter)            Turns: 7212, Time: 00:15:55

Health: -2/45      AC:  2    Str:  3 (4)  XL:     9   Next: 10%
Magic:  5/19       EV: 22    Int: 18 (19) God:    Dithmenos [***...]
Gold:   359        SH:  0    Dex: 15 (17) Spells: 8/20 levels left

rFire    . . .     SeeInvis +   a - +3 dagger (venom)
rCold    + . .     Gourm    .   (shield restricted)
rNeg     . . .     Faith    .   b - +0 robe
rPois    .         Spirit   .   (helmet restricted)
rElec    .         Reflect  .   w - scarf {cloud immunity}
rCorr    .         Harm     .   (gloves unavailable)
MR       +....                  (boots unavailable)
Stlth    +++++.....             (no amulet)
HPRegen  0.15/turn              x - ring of ice
MPRegen  0.16/turn              l - ring of protection from fire

@: wreathed by umbra, very quick
A: very small, unfitting armour, see invisible, herbivore, speed 3, slow
metabolism 2
a: Shadow Step, Renounce Religion


You were on level 7 of the Dungeon.
You worshipped Dithmenos.
Dithmenos was most pleased with you.
You were hungry.

You visited 2 branches of the dungeon, and saw 8 of its levels.
You also visited: Sewer.

You collected 497 gold pieces.
You spent 138 gold pieces at shops.

Inventory:

Hand Weapons
 a - a +3 dagger of venom (weapon)
 t - a +2 dagger of speed
Missiles
 z - 3 throwing nets (quivered)
Armour
 b - a +0 robe (worn)
 w - a scarf of cloud immunity (worn)
Jewellery
 g - an uncursed ring of protection from cold
 l - a ring of protection from fire (right hand)
 r - an uncursed ring of wizardry
 x - a ring of ice (left hand)
Wands
 A - a wand of iceblast (13)
 B - a wand of paralysis (7)
Scrolls
 i - a scroll of fear {!r}
 j - 2 scrolls of remove curse {!r}
 n - 10 scrolls of teleportation {!r}
 q - a scroll of fog {!r}
 u - a scroll of magic mapping {!r}
 v - 2 scrolls of enchant weapon {!r}
 y - 2 scrolls of immolation {!r}
Potions
 c - a potion of haste {!q}
 f - a potion of agility {!q}
 m - 3 potions of flight {!q}
 p - 2 potions of magic {!q}
 s - a potion of heal wounds {!q}
 C - a potion of might {!q}
Comestibles
 h - 7 rations


   Skills:
 + Level 3.6 Fighting
 + Level 5.1 Short Blades
 + Level 7.3 Dodging
 + Level 8.6 Stealth
 + Level 6.2 Spellcasting
 + Level 6.7 Hexes
 + Level 2.1 Invocations
 + Level 2.8 Evocations


You had 8 spell levels left.
You knew the following spells:

 Your Spells              Type           Power        Failure   Level  Hunger
a - Ensorcelled Hibernat  Hex/Ice        ####..       4%          2    None
b - Corona                Hex            ####...      1%          1    None
d - Dazzling Spray        Conj/Hex       ###...       9%          3    ##.....
e - Confuse               Hex            ####....     2%          3    ##.....
w - Tukima's Dance        Hex            ####....     2%          3    ##.....

Your spell library contained the following spells:

 Spells                   Type           Power        Failure   Level  Hunger
 Inner Flame              Hex/Fire       ###.....     9%          3    ##.....
 Flame Tongue             Conj/Fire      #....        12%         1    None
 Freeze                   Ice            #...         12%         1    None
 Throw Flame              Conj/Fire      #.....       19%         2    None
 Throw Frost              Conj/Ice       #.....       19%         2    None
 Conjure Flame            Conj/Fire      #.......     34%         3    ##.....
 Ozocubu's Armour         Chrm/Ice       #.......     34%         3    ##.....
 Sticky Flame             Conj/Fire      #.......     75%         4    ####...
 Summon Ice Beast         Ice/Summ       #.......     75%         4    ####...
 Throw Icicle             Conj/Ice       #.......     75%         4    ####...
 Fireball                 Conj/Fire      #.........   97%         5    #####..


Dungeon Overview and Level Annotations

Branches:
Dungeon (7/15)             Temple (1/1) D:5

Altars:
Ashenzari
Cheibriados
Dithmenos
Elyvilon
Fedhas
Gozag
Hepliaklqana
Kikubaaqudgha
Makhleb
Nemelex Xobeh
Okawaru
Qazlal
Ru
Sif Muna
Trog
Uskayaw
Vehumet
Wu Jian
Xom
Yredelemnul
Zin
The Shining One

Shops:
D:5 *


Innate Abilities, Weirdness & Mutations

You are very small and have problems with some larger weapons.
You are too small for most types of armour.
You have supernaturally acute eyesight. (SInv)
You are a herbivore.
You cover ground extremely quickly.
You need to consume almost no food.


Message History

The scorpion closely misses you. Dithmenos accepts your kill.
You feel a bit more experienced.
You swing at nothing.
You closely miss the scorpion. You hit the scorpion but do no damage.
The scorpion is poisoned.
The scorpion closely misses you.
You swing at nothing.
You swing at nothing.
You hit the scorpion.
You kill the scorpion!
Dithmenos accepts your kill.
You hit the orc.
The orc is heavily wounded.
The orc misses you.
You barely miss the orc.
The orc is heavily wounded.
You hit the orc.
The orc is severely wounded.
The orc hits you with a +0 hand axe.
* * * LOW HITPOINT WARNING * * *
You barely miss the orc.
The orc is severely wounded.
The orc barely misses you.
You hit the orc.
The orc is almost dead.
You hit the orc.
You kill the orc!
Dithmenos accepts your kill.
You see here a +0 hand axe.
An adder zombie comes into view.
There are monsters nearby!
An orc warrior comes into view. It is wielding a +0 mace.
The orc misses you.
The orc shouts!
You hit the orc but do no damage.
The orc is poisoned.
The orc closely misses you.
You hit the orc.
The orc is moderately wounded.
The orc throws a stone.
The stone closely misses you.
The stone closely misses the adder zombie.
You hit the orc but do no damage.
The orc looks as sick as possible!
The orc is moderately wounded.
The adder zombie barely misses you. The orc hits you but does no damage.
The orc throws a stone.
The stone closely misses you.
The stone hits the adder zombie.
Your magical contamination has completely faded away.
The orc hits you.
* * * LOW HITPOINT WARNING * * *
The orc warrior throws a tomahawk.
The tomahawk closely misses you.
You see here a tomahawk.
The orc closely misses you.
You hit the orc but do no damage.
The orc is poisoned.
You are feeling hungry.
You kill the orc!
Dithmenos accepts your kill. The orc misses you. The adder zombie misses you.
You hit the orc but do no damage.
The orc looks as sick as possible!
The orc is lightly wounded.
You hit the orc.
The orc looks as sick as possible!
The orc is severely wounded.
The adder zombie misses you. The orc misses you.
The orc warrior throws a tomahawk.
The tomahawk hits you!
You die...

#.)......#÷......#........#
##.......#.....).#..#.....#..
##.........<##..#)##........
##.##......##..#.).........
#####.....................
#.......(#.#........#..
#........#.........## #
##.#....Z[.........#
#####...@........#####
#.....o...)..........
#.≈o≈≈≈≈≈..).........
#.≈#####≈........#.## #.≈
#≈........# #.≈
#≈..##........ #.≈
#≈..##........ #.≈
#≈..........>. #.≈
≈≈≈...........#


You could see an orc warrior, an orc and an adder zombie.

Vanquished Creatures
  Grinder (D:5)
  Prince Ribbit (D:7)
  The ghost of SaintRoka the Thaumaturge, an amateur DEWz (D:5)
  Duvessa (D:5)
  2 orc warriors
  A phantom (D:4)
  A black bear (D:6)
  An ogre (D:5)
  2 centaurs
  A bullfrog (D:5)
  2 scorpions
  Dowan (D:5)
  A crimson imp (D:7)
  A bullfrog zombie (D:7)
  2 quasits (D:7)
  3 orc priests
  2 orc wizards
  Ijyb (D:2)
  4 worker ants
  A howler monkey zombie (D:6)
  Robin (D:3)
  3 adders
  11 gnolls
  3 shadow imps
  4 oozes
  8 worms
  3 leopard geckos
  25 orcs
  A ball python (D:7)
  10 bats
  6 giant cockroaches
  27 goblins
  13 hobgoblins
  4 jackals (Sewer)
  2 quokkas (D:7)
  4 frilled lizards
  A jackal skeleton (D:4)
  8 kobolds
  A leopard gecko skeleton (D:4)
  A quokka skeleton (D:6)
  9 rats
175 creatures vanquished.

Notes
Turn   | Place    | Note
-------+----------+-------------------------------------------
     0 | D:1      | Amnesiac the Spriggan Enchanter began the quest for the
                  | Orb.
     0 | D:1      | Reached XP level 1. HP: 9/9 MP: 5/5
    65 | D:1      | Reached XP level 2. HP: 12/13 MP: 3/6
    76 | D:1      | Learned a level 2 spell: Ensorcelled Hibernation
   341 | D:3      | Noticed Robin
   356 | D:4      | Noticed a scorpion
   591 | D:4      | Reached skill level 1 in Fighting
   591 | D:4      | Reached XP level 3. HP: 15/18 MP: 0/8
   607 | D:4      | Reached skill level 5 in Stealth
   986 | D:4      | Found a sparkling altar of Nemelex Xobeh.
   993 | D:4      | Reached XP level 4. HP: 22/22 MP: 0/9
  1023 | D:4      | Learned a level 3 spell: Confuse
  1027 | D:4      | Learned a level 3 spell: Tukima's Dance
  1142 | D:5      | Entered Level 5 of the Dungeon
  1178 | D:6      | Found a glowing drain.
  1183 | D:6      | Noticed a centaur
  1191 | D:6      | Killed a centaur
  1191 | D:6      | Reached XP level 5. HP: 19/25 MP: 4/11
  1316 | D:5      | Noticed an ogre
  1329 | D:5      | Killed an ogre
  1329 | D:5      | Reached XP level 6. HP: 20/30 MP: 2/12
  1345 | D:5      | Learned a level 3 spell: Dazzling Spray
  1488 | D:4      | Reached skill level 6 in Stealth
  1553 | D:6      | Found a sacrificial altar of Ru.
  1644 | Sewer    | Entered a sewer
  1766 | Sewer    | Reached skill level 5 in Hexes
  2279 | D:6      | Reached skill level 5 in Dodging
  2279 | D:6      | Reached XP level 7. HP: 35/35 MP: 14/14
  2325 | D:5      | Found a basalt altar of Yredelemnul.
  2325 | D:5      | Found a snail-covered altar of Cheibriados.
  2333 | D:5      | Found a faded altar of an unknown god.
  2335 | D:5      | Found a glowing silver altar of Zin.
  2337 | D:5      | Found a faded altar of an unknown god.
  2414 | D:5      | Found Vahewuh's Assorted Antiques.
  2423 | D:5      | Bought a scroll labeled LESENG ITHRIG for 23 gold pieces
  2423 | D:5      | Bought a jade ring for 115 gold pieces
  3691 | D:5      | Noticed Grinder
  3706 | D:5      | Killed Grinder
  3706 | D:5      | Reached skill level 7 in Stealth
  3814 | D:5      | Found a glowing golden altar of the Shining One.
  3846 | D:5      | Noticed Dowan
  3850 | D:5      | Noticed Duvessa
  3856 | D:5      | Killed Dowan
  3856 | D:5      | Reached skill level 5 in Spellcasting
  3896 | D:5      | Killed Duvessa
  3896 | D:5      | Reached XP level 8. HP: 39/39 MP: 11/16
  4012 | D:5      | Found a staircase to the Ecumenical Temple.
  4017 | Temple   | Entered the Ecumenical Temple
  4193 | Temple   | Became a worshipper of Dithmenos the Shadowed
  4387 | D:3      | Killed Robin
  4432 | D:2      | Found an iron altar of Okawaru.
  4673 | D:1      | Reached * piety under Dithmenos
  5405 | D:2      | Found a glowing golden altar of the Shining One.
  5487 | D:2      | Noticed Ijyb
  5521 | D:2      | Killed Ijyb
  5990 | D:3      | Reached ** piety under Dithmenos
  6139 | D:5      | Found a runed gate.
  6139 | D:5      | Found a runed gate.
  6139 | D:5      | Found a runed gate.
  6141 | D:5      | Found an opulent altar of Gozag.
  6377 | D:5      | Noticed SaintRoka's ghost (amateur DEWz)
  6412 | D:5      | Killed SaintRoka's ghost
  6412 | D:5      | Reached skill level 1 in Evocations
  6703 | D:6      | Reached skill level 8 in Stealth
  6703 | D:6      | Reached skill level 1 in Invocations
  6912 | D:7      | Noticed Prince Ribbit
  6920 | D:7      | Killed Prince Ribbit
  7142 | D:7      | Reached skill level 5 in Short Blades
  7142 | D:7      | Reached XP level 9. HP: 24/44 MP: 3/19
  7154 | D:7      | Reached *** piety under Dithmenos
  7212 | D:7      | Hit by a tomahawk thrown by an orc warrior

Vault maps used:
D:1:      eino_arrival_water_star, minivault_5, minmay_misc_feat_doors
D:2:      kennysheep_the_goblin_king, old_standard_altar, tso_oasis_becter,
          guppyfry_early_orc_mine
D:3:      serial_rivers, chequers_serial_rivers_room_b,
          chequers_serial_rivers_small_b, chequers_serial_rivers_room_a,
          chequers_serial_rivers_micro_b, first_ration, mrwooster_statue_mirror,
          uniq_ijyb, uniq_robin
D:4:      nemelex_xobeh_ov_fountains_minmay, grunt_decor_cap
D:5:      chequers_temple_overflow_minitemple, temple_doors_cd,
          ebering_ghost_gozag, serial_shops, shop, tso_altar, uniq_grinder,
          uniq_duvessa
D:6:      nicolae_ru_awakened_eye, cheibrodos_sewer_entry_drain
D:7:      enter_bailey_3, okawaru_gym_becter, uniq_prince_ribbit1
Temple:   regret_index_temple_waves
Sewer:    sewer_fruit_machine

Skill      XL: |  1  2  3  4  5  6  7  8 |
---------------+-------------------------+-----
Fighting       | 1 2 3 |  3.6
Spellcasting   | 3 4 5 6 |  6.2
Hexes          | 4 5 6 |  6.7
Stealth        | 5 6 7 8 |  8.6
Short Blades   | 2 3 4 5 |  5.1
Dodging        | 4 5 6 7 |  7.3
Evocations     | 2 |  2.8
Invocations    | 2 |  2.1

Action                   |  1- 3 |  4- 6 |  7- 9 || total
-------------------------+-------+-------+-------++-------
Melee: Dagger            |    71 |   127 |   347 ||   545
 Cast: Corona            |     6 |       |       ||     6
       Ensorcelled Hiber |    13 |    12 |    14 ||    39
       Confuse           |       |    12 |    30 ||    42
  Use: Scroll            |     7 |     1 |    10 ||    18
       Potion            |     1 |     1 |     2 ||     4
 Stab: Sleeping          |     8 |    16 |    20 ||    44
       Distracted        |     1 |       |     1 ||     2
       Confused          |       |     2 |    15 ||    17
  Eat: Ration            |       |     4 |       ||     4
Armor: Robe              |     3 |    11 |     5 ||    19
Dodge: Dodged            |    62 |   110 |   265 ||   437

Table legend:
 A = Non-vault XP
 B = Vault XP
 C = Vault XP percentage of total XP
 D = Non-vault monster count
 E = Vault monster count
 F = Vault count percentage of total count
                 A         B        C        D         E       F
            +---------+---------+-------+---------+---------+-------
      Total |    1888 |    1206 |  39.0 |     112 |      63 |  36.0
            +---------+---------+-------+---------+---------+-------
        D:1 |      45 |       0 |   0.0 |      25 |       0 |   0.0
        D:2 |      70 |      64 |  47.8 |      13 |      14 |  51.9
        D:3 |      33 |      29 |  46.8 |      11 |       8 |  42.1
        D:4 |     354 |       8 |   2.2 |      16 |       4 |  20.0
        D:5 |     234 |     743 |  76.0 |       4 |       5 |  55.6
        D:6 |     501 |      11 |   2.1 |      14 |       3 |  17.6
        D:7 |     651 |     261 |  28.6 |      29 |       4 |  12.1
      Sewer |       0 |      90 | 100.0 |       0 |      25 | 100.0
            +---------+---------+-------+---------+---------+-------
